 Dungeon Crawl Stone Soup version 0.29-a0-802-g34511f41fd (webtiles) character file.

Game seed: 7536838970362206790

464 avis the Shooter (level 6, -4/32 HPs)
             Began as a Spriggan Hunter on July 3, 2022.
             Slain by a black bear (5 damage)
             ... on level 4 of the Dungeon.
             The game lasted 00:23:17 (3788 turns).

avis the Shooter (Spriggan Hunter)                  Turns: 3788, Time: 00:23:17

Health: -4/32      AC:  3    Str:  7    XL:     6   Next: 80%
Magic:  7/7        EV: 20    Int: 11    God:
Gold:   162        SH:  0    Dex: 26    Spells: 5/5 levels left

rFire   . . .      SeeInvis +   a - +0 shortbow
rCold   . . .      Faith    .   (shield currently unavailable)
rNeg    . . .      Spirit   .   x - +1 robe {Will+}
rPois   .          Reflect  .   (helmet restricted)
rElec   .          Harm     .   (no cloak)
rCorr   .          Rampage  .   (gloves unavailable)
Will    +++..                   (boots unavailable)
Stlth   +++.......              (no amulet)
HPRegen 0.10/turn               j - ring of willpower
MPRegen 0.10/turn               n - +6 ring of dexterity

@: very quick
A: very small, no large weapons, unfitting armour, see invisible, speed 3
a: no special abilities


You were on level 4 of the Dungeon.
You visited 1 branch of the dungeon, and saw 4 of its levels.

You collected 162 gold pieces.

Inventory:

Hand Weapons
 a - a +0 shortbow (weapon)
 b - a +2 vampiric falchion
 w - a +0 rapier
Missiles
 q - 6 poisoned darts
 u - 5 curare-tipped darts
Armour
 x - a +1 robe of willpower (worn)
Jewellery
 j - a ring of willpower (left hand)
 n - a +6 ring of dexterity (right hand)
 o - a ring of wizardry
Wands
 g - a wand of flame (34)
 v - a wand of charming (1)
Scrolls
 c - 2 scrolls of fog {unknown}
 d - 2 scrolls of torment {unknown}
 e - a scroll of summoning {unknown}
 f - 3 scrolls of magic mapping {unknown}
 i - 2 scrolls of identify {unknown}
 k - a scroll of poison {unknown}
 m - a scroll of immolation
 t - a scroll of enchant weapon {unknown}
Potions
 h - a potion of heal wounds {unknown}
 l - a potion of curing
 p - a potion of ambrosia {unknown}
 r - a potion of attraction {unknown}
 s - a potion of might {unknown}


   Skills:
 - Level 3.0 Fighting
 * Level 7.3 Ranged Weapons
 + Level 3.6 Dodging
 - Level 2.0 Stealth


You had 5 spell levels left.
You didn't know any spells.
Your spell library contained the following spells:

 Spells                   Type           Power      Damage    Failure   Level
 Necrotise                Necr           0%         1d4       34%         1
 Slow                     Hex            0%         N/A       34%         1
 Confusing Touch          Hex            0%         N/A       71%         3
 Dazzling Flash           Conj/Hex       0%         N/A       71%         3
 Vampiric Draining        Necr           0%         2d6       71%         3
 Agony                    Necr           0%         N/A       100%        5
 Silence                  Hex/Air        0%         N/A       100%        5


Dungeon Overview and Level Annotations

Branches:
Dungeon (4/15)
 Temple: D:4-7

Altars:


Innate Abilities, Weirdness & Mutations

You are very small and have problems with some larger weapons.
You are too small for most types of armour.
You have supernaturally acute eyesight. (SInv)
You cover ground extremely quickly. (Speed+++)


Message History

You shoot an arrow. The arrow barely misses the black bear.
The arrow hits the goblin!
You kill the goblin!
The black bear closely misses you.
The black bear claws you but does no damage.
The black bear completely misses you.
Fire: a) +0 shortbow
Press: ? - help, Q - select action, (/) - cycle Shift-Dir - straight line, f - black bear
Aim: a black bear (heavily wounded, 75% to hit)
You shoot an arrow. The arrow hits the black bear!
The black bear is severely wounded.
The black bear goes berserk!
Fire: a) +0 shortbow
Press: ? - help, Q - select action, (/) - cycle Shift-Dir - straight line, f/p - black bear
Aim: a black bear (severely wounded, berserk, 75% to hit)
You shoot an arrow. The arrow hits the black bear.
The black bear is severely wounded.
The black bear bites you. The black bear misses you.
The black bear barely misses you. x2; The black bear closely misses you.
The black bear claws you.
Fire: a) +0 shortbow
Press: ? - help, Q - select action, (/) - cycle Shift-Dir - straight line, f/p - black bear
Aim: a black bear (severely wounded, berserk, 75% to hit)
You shoot an arrow. The arrow hits the black bear.
The black bear is almost dead.
The black bear closely misses you. The black bear barely misses you.
The black bear completely misses you. The black bear bites you!
The black bear claws you.
* * * LOW HITPOINT WARNING * * *
The black bear claws you but does no damage.
Fire: a) +0 shortbow
Press: ? - help, Q - select action, (/) - cycle Shift-Dir - straight line, f/p - black bear
Aim: a black bear (almost dead, berserk, 75% to hit)
You shoot an arrow.
The arrow hits the black bear but does no damage.
The black bear is almost dead.
The black bear bites you.
* * * LOW HITPOINT WARNING * * *
The black bear claws you.
You die...

##################
.......(.........#
################@#
# ########## #h# #
#........# #)#
####.######.# #..
..##.# #.####.#..
.....# #........#
#.#### ######.###
#.# #.. #.#


You could see a black bear (berserk).

Vanquished Creatures
  Sigmund (D:3)
  A howler monkey (D:4)
  Jessica (D:3)
  Ijyb (D:3)
  An orc wizard (D:3)
  11 adders
  An ufetubus (D:3)
  5 dart slugs
  9 orcs
  4 endoplasms
  2 giant cockroaches
  9 goblins
  10 hobgoblins
  3 jackals (D:3)
  A quokka (D:3)
  4 ball pythons
  4 bats
  2 frilled lizards
  8 kobolds
  10 rats
88 creatures vanquished.

Notes
Turn   | Place    | Note
-------+----------+-------------------------------------------
     0 | D:1      | avis the Spriggan Hunter began the quest for the Orb.
     0 | D:1      | Reached XP level 1. HP: 10/10 MP: 2/2
   106 | D:1      | Reached XP level 2. HP: 11/15 MP: 3/3
   387 | D:1      | Found a faded altar of an unknown god.
   390 | D:1      | Reached XP level 3. HP: 18/18 MP: 4/4
   732 | D:1      | Reached skill level 5 in Ranged Weapons
  1255 | D:2      | Reached XP level 4. HP: 17/23 MP: 5/5
  2045 | D:3      | Noticed Sigmund
  2046 | D:3      | Noticed Ijyb
  2428 | D:3      | Identified the +0 chain mail of the Tortured God {rF+ Will+
                  | Int+6}
  2632 | D:3      | Noticed Jessica
  2634 | D:3      | Killed Jessica
  2756 | D:3      | Reached XP level 5. HP: 25/27 MP: 6/6
  2756 | D:3      | Killed Sigmund
  2757 | D:3      | Reached skill level 6 in Ranged Weapons
  2757 | D:3      | Reached XP level 6. HP: 30/32 MP: 7/7
  2813 | D:3      | Killed Ijyb
  3275 | D:3      | Reached skill level 7 in Ranged Weapons
  3788 | D:4      | HP: 1/32 [black bear (5)]
  3788 | D:4      | Slain by a black bear

Illustrated notes

Levels and vault maps discovered:
D:1:      saegor_arrival_simple_e, layout_rooms, ebering_ecumenical_altar_mist
D:2:      layout_basic
D:3:      layout_loops_cross, minmay_goblin_kobold_house, uniq_ijyb,
          uniq_jessica, uniq_sigmund
D:4:      layout_loops_ring

Skill      XL: |  1  2  3  4  5  6 |
---------------+-------------------+-----
Fighting       | 2 3 |  3.0
Stealth        | 2 |  2.0
Ranged Weapons | 5 6 7 |  7.3
Dodging        | 3 |  3.6

Action                   |  1- 3 |  4- 6 || total
-------------------------+-------+-------++-------
Melee: Falchion          |       |    10 ||    10
 Fire: Shortbow          |   116 |   153 ||   269
Throw: Dart              |       |     1 ||     1
  Use: Potion            |     1 |       ||     1
Armor: Robe              |     2 |     4 ||     6
Dodge: Dodged            |    23 |    76 ||    99

Table legend: (Time is in decaauts)
 A = Elapsed time spent in this place.
 B = Non-inter-level travel time spent in this place.
 C = Inter-level travel time spent in this place.
 D = Time resting spent in this place.
 E = Time spent auto-exploring this place.
 F = Levels seen in this place.
 G = Mean time per level.
                   A        B        C        D        E       F      G
               +--------+--------+--------+--------+--------+-----+--------+
         Total |   2770 |   2419 |    351 |    614 |    956 |   4 |  692.5 |
       Dungeon |   2770 |   2419 |    351 |    614 |    956 |   4 |  692.5 |
               +--------+--------+--------+--------+--------+-----+--------+

Top non-repeatable levels by time:
     D:3: 1044 daAuts
     D:2: 1001 daAuts
     D:1: 546 daAuts
     D:4: 178 daAuts
